 Dungeon Crawl Stone Soup version 0.18.1-48-g4cf74bf (webtiles) character file.

371 Peloso the Shield-Bearer (level 6, 0/55 HPs)
             Began as a Minotaur Fighter on Sept 11, 2016.
             Slain by baghtru's ghost (2 damage)
             ... on level 4 of the Dungeon.
             The game lasted 00:07:47 (2286 turns).

Peloso the Shield-Bearer (Minotaur Fighter)         Turns: 2286, Time: 00:07:48

Health: 0/55       AC:  8    Str: 26    XL:     6   Next: 42%
Magic:  5/5        EV:  9    Int:  5    God:
Gold:   154        SH: 14    Dex: 11    Spells: 0 memorised, 5 levels left

rFire  . . .     SeeInvis .     a - +0 long sword
rCold  . . .     Gourm    .     b - +0 scale mail
rNeg   . . .     Faith    .     c - +0 shield
rPois  .         Spirit   .     (helmet restricted)
rElec  .         Dismiss  .     h - +0 cloak
rCorr  .         Reflect  +     (no gloves)
SustAt .         Harm     .     (no boots)
MR     .....                    w - +4 amulet of reflection
Stlth  ..........               (no ring)
                                (no ring)

@: mighty, not resistant to hostile enchantments, extremely unstealthy
A: retaliatory headbutt, horns 2
a: no special abilities


You were on level 4 of the Dungeon.
You were not hungry.

You visited 1 branch of the dungeon, and saw 4 of its levels.

You collected 154 gold pieces.

Inventory:

Hand Weapons
 a - a +0 long sword (weapon)
Armour
 b - a +0 scale mail (worn)
 c - a +0 shield (worn)
 h - a +0 cloak (worn)
Jewellery
 s - a +3 ring of intelligence
 w - a +4 amulet of reflection (around neck)
Scrolls
 j - a scroll of enchant armour {unknown}
 m - 2 scrolls of magic mapping {unknown}
 n - 2 scrolls of blinking {unknown}
 o - 4 scrolls of identify {unknown}
 p - a scroll of immolation {unknown}
 r - 2 scrolls of fog {unknown}
Potions
 d - a potion of might
 i - a potion of degeneration {unknown}
 k - a potion of heal wounds {unknown}
 l - a potion of resistance {unknown}
 t - a potion of magic {unknown}
Books
 v - a book of Party Tricks

   Spells                             Type                      Level
   a - Summon Butterflies             Summoning                    1
   b - Apportation                    Translocation                1
   c - Tukima's Dance                 Hexes                        3
   d - Alistair's Intoxication        Transmutation/Poison         5
   e - Invisibility                   Hexes                        6
Comestibles
 f - 3 bread rations
 q - 2 meat rations


   Skills:
 + Level 4.8 Fighting
 + Level 4.2 Long Blades
 + Level 5.0 Armour
 + Level 2.5 Dodging
 + Level 5.5 Shields


You had 5 spell levels left.
You didn't know any spells.

Dungeon Overview and Level Annotations

Branches:
Dungeon (4/15)
 Temple: D:4-7

Altars:
Elyvilon
Pakellas
Vehumet
Xom

Annotations:
D:4 1 runed door, baghtru's ghost, novice HOFi


Innate Abilities, Weirdness & Mutations

You reflexively headbutt those who attack you in melee.
You have a pair of horns on your head.


Message History

* * * LOW HITPOINT WARNING * * *
You slash baghtru's ghost!
Baghtru's ghost is heavily damaged.
Baghtru's ghost completely misses you.
You hit baghtru's ghost but do no damage.
You headbutt baghtru's ghost!
Baghtru's ghost is severely damaged.
You block baghtru's ghost's attack.
Your shield and scale mail prevent you from hitting baghtru's ghost.
Your headbutt misses baghtru's ghost.
Baghtru's ghost is severely damaged.
You block baghtru's ghost's attack.
Your shield and scale mail prevent you from hitting baghtru's ghost.
You headbutt baghtru's ghost!
Baghtru's ghost is severely damaged.
Baghtru's ghost hits you but does no damage.
You slash baghtru's ghost!
Baghtru's ghost is almost destroyed.
Baghtru's ghost hits you.
You die...

#...............
..............#.#
.........(#...#.#..
#........$..........
#.#...............
#.#.(.#...#.#....#
#.#K.............#
#.#(..#..(#.#....#
#@#(..KK..(.......
#W#W..#((.........
.#.#.#K#(..#........#+#
.......KK...#.#.(.......
#...#.#.#..##.#.........
#. #.#.#..##.#.#.#.....
# #.#..##K#.#.#...(.
..!......(..(.....
............(.....


You could see baghtru's ghost and 3 kobolds.

Vanquished Creatures
  The ghost of tschems the Ducker, an amateur HuBe of Trog (D:3)
  3 orc priests (D:3)
  A hound (D:4)
  Crazy Yiuf (D:2)
  Jessica (D:2)
  2 adders
  An ooze (D:1)
  An adder skeleton (D:4)
  A dart slug (D:1)
  3 giant geckos
  6 orcs (D:3)
  6 giant cockroaches (D:3)
  9 goblins
  11 hobgoblins
  4 jackals (D:1)
  11 kobolds
  2 quokkas (D:3)
  5 bats
  4 giant newts
  9 rats
  A fungus (D:2)
83 creatures vanquished.

Vanquished Creatures (others)
  An ice dragon (D:2)
  A kobold (D:4)
2 creatures vanquished.

Grand Total: 85 creatures vanquished

Notes
Turn   | Place    | Note
--------------------------------------------------------------
     0 | D:1      | Peloso the Minotaur Fighter began the quest for the Orb.
     0 | D:1      | Reached XP level 1. HP: 19/19 MP: 0/0
   136 | D:1      | Reached XP level 2. HP: 24/27 MP: 1/1
   322 | D:1      | Reached XP level 3. HP: 28/33 MP: 2/2
   539 | D:2      | Noticed Jessica
   551 | D:2      | Killed Jessica
   551 | D:2      | Reached XP level 4. HP: 41/41 MP: 3/3
   884 | D:2      | Found an oddly glowing altar of Pakellas.
   885 | D:2      | Noticed an ice dragon
   891 | D:2      | Killed an ice dragon
   948 | D:2      | Noticed Crazy Yiuf
   954 | D:2      | Killed Crazy Yiuf
   954 | D:2      | Reached skill level 1 in Dodging
  1000 | D:3      | Reached XP level 5. HP: 47/47 MP: 4/4
  1006 | D:3      | Found a shimmering altar of Xom.
  1088 | D:3      | Found a faded altar to an unknown god.
  1104 | D:3      | Noticed tschems's ghost (amateur HuBe)
  1126 | D:3      | Killed tschems's ghost
  1126 | D:3      | Reached skill level 5 in Shields
  1229 | D:3      | Reached XP level 6. HP: 19/55 MP: 5/5
  1537 | D:3      | Found a radiant altar of Vehumet.
  2183 | D:4      | Found a white marble altar of Elyvilon.
  2184 | D:4      | Found a runed door.
  2184 | D:4      | Noticed an angel
  2192 | D:4      | Reached skill level 5 in Armour
  2254 | D:4      | Noticed baghtru's ghost (novice HOFi)
  2281 | D:4      | HP: 1/55 [baghtru's ghost (2)]
  2286 | D:4      | Slain by baghtru's ghost

Skill      XL: |  1  2  3  4  5  6 |
---------------+-------------------+-----
Armour         | 4 5 |  5.0
Fighting       | 4 |  4.8
Shields        | 4 5 |  5.5
Long Blades    | 3 4 |  4.2
Dodging        | 1 2 |  2.5

Action                   |  1- 3 |  4- 6 || total
-------------------------+-------+-------++-------
Melee: Long sword        |    83 |   159 ||   242
       Headbutt          |    10 |    30 ||    40
  Use: Potion            |       |     2 ||     2
       Scroll            |       |     2 ||     2
  Eat: Chunk             |       |     5 ||     5
Armor: Scale mail        |    49 |    51 ||   100
Dodge: Dodged            |    25 |    42 ||    67
Block: Shield            |    52 |   105 ||   157
       Reflection        |       |    18 ||    18
